 Dungeon Crawl Stone Soup version 0.30.1 (webtiles) character file.

Game seed: 13003758862209091428

631 Ayven the Cleaver (level 7, -5/60 HPs)
             Began as a Hill Orc Fighter on July 1, 2023.
             Was an Initiate of Okawaru.
             Slain by a fire elemental (12 damage)
             ... created by the fiery vengeance of Ignis
             ... on level 3 of the Dungeon.
             The game lasted 00:22:56 (5043 turns).

Ayven the Cleaver (Hill Orc Fighter)                Turns: 5043, Time: 00:22:57

Health: -5/60      AC:  8    Str: 21    XL:     7   Next: 48%
Magic:  7/7        EV:  9    Int:  8    God:    Okawaru [......]
Gold:   265        SH:  4    Dex: 10    Spells: 6/6 levels left

rFire   . . .        a - +0 war axe
rCold   . . .        c - +0 buckler
rNeg    . . .        b - +0 scale mail
rPois   .            (no helmet)
rElec   .            (no cloak)
rCorr   .            (no gloves)
SInv    .            v - +0 pair of boots
Will    .....        (no amulet) Stlth
                     m - +4 ring of slaying
HPRegen 0.30/turn    (no ring)
MPRegen 0.10/turn

%: no passive effects
@: mighty, fire susceptible
A: no striking features
a: Renounce Religion


You were on level 3 of the Dungeon.
You worshipped Okawaru.
Okawaru was noncommittal.
You visited 2 branches of the dungeon, and saw 6 of its levels.

You collected 265 gold pieces.

Inventory:

Hand Weapons
 a - a +0 war axe (weapon)
 u - a +1 dagger of speed
 x - a +0 longbow
Missiles
 n - 3 throwing nets (quivered)
Armour
 b - a +0 scale mail (worn)
 c - a +0 buckler (worn)
 v - a +0 pair of boots (worn)
Jewellery
 h - a ring of wizardry
 m - a +4 ring of slaying (left hand)
 y - an amulet of the acrobat
Wands
 e - a wand of polymorph (7)
Scrolls
 f - 3 scrolls of immolation
 g - a scroll of magic mapping
 l - a scroll of torment
 q - a scroll of vulnerability
 t - 2 scrolls of fear
 z - a scroll of identify
Potions
 i - 2 potions of heal wounds
 j - a potion of berserk rage
 k - a potion of magic {unknown}
 o - a potion of flight {unknown}
 p - a potion of attraction
 r - a potion of ambrosia {unknown}
 s - 2 potions of lignification {unknown}
 w - a potion of mutation {unknown}


   Skills:
 + Level 4.3 Fighting
 * Level 8.4 Axes
 + Level 5.0 Armour
 + Level 1.1 Dodging
 + Level 0.1 Stealth
 + Level 4.0 Shields


You had 6 spell levels left.
You didn't know any spells.
Your spell library contained the following spells:

 Spells                   Type           Power      Damage    Failure   Level
 Necrotise                Necr           0%         1d4       80%         1
 Sting                    Tmut/Pois      0%         1d3       80%         1
 Blink                    Tloc           0%         N/A       91%         2
 Lesser Beckoning         Tloc           0%         N/A       91%         2
 Momentum Strike          Conj/Tloc      0%         3d8       91%         2
 Swiftness                Air            0%         N/A       99%         3
 Vampiric Draining        Necr           0%         2d6       99%         3
 Agony                    Necr           0%         N/A       100%        5
 Freezing Cloud           Conj/Ice/Air   0%         6-21      100%        5
 Conjure Ball Lightning   Conj/Air       0%         3x3d6     100%        6


Dungeon Overview and Level Annotations

Branches:
Dungeon (5/15)             Temple (1/1) D:4

Altars:
Ashenzari
Cheibriados
Dithmenos
Elyvilon
Fedhas
Gozag
Kikubaaqudgha
Nemelex Xobeh
Okawaru
Qazlal
Ru
Sif Muna
Trog
Uskayaw
Wu Jian
Xom
Yredelemnul
The Shining One
Ignis

Annotations:
D:5 Grinder


Message History

The fire elemental is moderately damaged.
You slash the fire elemental!
The fire elemental is severely damaged.
The fire elemental barely misses you.
You slash the fire elemental!
You destroy the fire elemental!
That felt strangely unrewarding.
You closely miss the fire elemental. The fire elemental hits you.
The fire elemental burns you! You block the fire elemental's attack.
You hit the fire elemental.
The fire elemental is lightly damaged.
The fire elemental hits you. The fire elemental burns you!
You closely miss the fire elemental.
The fire elemental is lightly damaged.
The fire elemental hits you. The fire elemental burns you!
You closely miss the fire elemental.
The fire elemental is lightly damaged.
The fire elemental barely misses you.
You closely miss the fire elemental.
The fire elemental is lightly damaged.
The fire elemental hits you. The fire elemental burns you!
The fire elemental hits you. The fire elemental burns you!
* * * LOW HITPOINT WARNING * * *
You feel much better.
The fire elemental completely misses you.
You feel very mighty all of a sudden. You block the fire elemental's attack.
The fire elemental hits you. The fire elemental burns you!
You hit the fire elemental but do no damage.
The fire elemental is lightly damaged.
The fire elemental hits you. The fire elemental burns you!
You closely miss the fire elemental.
The fire elemental is lightly damaged.
The fire elemental hits you. The fire elemental burns you!
You slash the fire elemental!
The fire elemental is moderately damaged.
The fire elemental hits you. The fire elemental burns you!
* * * LOW HITPOINT WARNING * * *
The fire elemental hits you. The fire elemental burns you!
You die...

.# #.##...# .# #.##...# .#
#.##...# .###### #.##...#
.##...## #.##...###########
.#.....###................#
##..........[...#########.#
##.)...#######.E#########.#
......## #.[.@.......#.#
####### ##..#######.#.#
##.# #.#.# #.# #.#.# #.#
###.#.# #.# #...#.# #.#
#<###.####### #.# #.#
#.......# #.# #.# #######.#


You could see a fire elemental.

Vanquished Creatures
  A fire elemental (D:3)
  A black bear (D:5)
  A centaur (D:5)
  An ogre (D:4)
  A phantom (D:5)
  An orc priest (D:5)
  Jessica (D:3)
  An iguana (D:5)
  A sleepcap (D:5)
  An orc wizard (D:5)
  4 gnolls (D:3)
  4 adders
  2 worms (D:3)
  2 dart slugs
  9 orcs
  5 bats
  5 endoplasms
  13 giant cockroaches
  6 goblins
  5 hobgoblins
  4 jackals (D:4)
  3 ball pythons
  5 frilled lizards
  7 kobolds
  4 rats
88 creatures vanquished.

Notes
Turn   | Place    | Note
-------+----------+-------------------------------------------
     0 | D:1      | Ayven the Hill Orc Fighter began the quest for the Orb.
     0 | D:1      | Reached XP level 1. HP: 19/19 MP: 1/1
    25 | D:1      | Found a faded altar of an unknown god.
    75 | D:1      | Prayed at the altar of an unknown god.
    75 | D:1      | Became a worshipper of Ignis, the Dying Flame
   136 | D:1      | Reached skill level 3 in Axes
   310 | D:1      | Reached XP level 2. HP: 26/26 MP: 2/2
   944 | D:2      | Reached XP level 3. HP: 29/33 MP: 3/3
  1122 | D:2      | Reached skill level 4 in Axes
  1674 | D:3      | You fall into a shaft and drop 2 floors!
  1674 | D:5      | Entered Level 5 of the Dungeon
  1892 | D:5      | Noticed a centaur
  1904 | D:5      | Killed a centaur
  1905 | D:5      | Reached skill level 5 in Axes
  1905 | D:5      | Reached XP level 4. HP: 36/40 MP: 4/4
  1905 | D:5      | Reached XP level 5. HP: 41/46 MP: 5/5
  2083 | D:5      | Noticed a phantom
  2092 | D:5      | Killed a phantom
  2093 | D:5      | Reached skill level 6 in Axes
  2124 | D:5      | Noticed an ice beast
  2284 | D:5      | Reached XP level 6. HP: 41/52 MP: 6/6
  2487 | D:5      | Noticed Grinder
  2500 | D:5      | Paralysed by Grinder for 4 turns
  2669 | D:5      | Noticed a black bear
  2681 | D:5      | Killed a black bear
  2682 | D:5      | Reached skill level 7 in Axes
  2725 | D:5      | Paralysed by Grinder for 2 turns
  2761 | D:5      | Paralysed by Grinder for 2 turns
  3089 | D:4      | Reached skill level 1 in Dodging
  3245 | D:4      | Got the Spellbook of Ozone and the Assassin
  3275 | D:4      | Reached XP level 7. HP: 21/59 MP: 7/7
  3547 | D:4      | Found a staircase to the Ecumenical Temple.
  3818 | Temple   | Entered the Ecumenical Temple
  3932 | Temple   | Fell from the grace of Ignis
  3932 | Temple   | Became a worshipper of Warmaster Okawaru
  4398 | D:3      | You fall into a shaft and drop 2 floors!
  4524 | D:3      | Noticed Jessica
  4531 | D:3      | Killed Jessica
  4532 | D:3      | Reached skill level 8 in Axes
  4668 | D:3      | Identified the scarf of Vlad {harm, Will+ Dex-2 SInv}
  4910 | D:3      | Reached skill level 5 in Armour
  5032 | D:3      | Noticed a fire elemental
  5032 | D:3      | Noticed a fire elemental
  5034 | D:3      | Killed a fire elemental
  5043 | D:3      | Slain by a fire elemental

Illustrated notes

Levels and vault maps discovered:
D:1:      eino_arrival_druids_welcome, layout_loops_corners,
          hellmonk_ecumenical_altar_blasted
D:2:      layout_basic
D:3:      layout_loops_ring, uniq_jessica
D:4:      layout_basic, minmay_temple_entry_crystal_x
D:5:      layout_loops_corners, uniq_grinder
Temple:   eino_narrow_crystal_temple

Skill      XL: |  1  2  3  4  5  6  7 |
---------------+----------------------+-----
Axes           | 3 5 6 7 8 |  8.4
Fighting       | 4 |  4.3
Armour         | 4 5 |  5.0
Shields        | 4 |  4.0
Dodging        | 1 |  1.1
Stealth        | |  0.1

Action                     |  1- 3 |  4- 6 |  7- 9 || total
---------------------------+-------+-------+-------++-------
  Melee: War axe           |   102 |    94 |    70 ||   266
  Throw: Throwing net      |       |       |     3 ||     3
 Invoke: Fiery Armour      |     1 |       |       ||     1
  Evoke: Wand              |       |     1 |       ||     1
    Use: Scroll            |     6 |     6 |       ||    12
         Potion            |     1 |     2 |     3 ||     6
 Armour: Scale mail        |    59 |    56 |    28 ||   143
  Dodge: Dodged            |    49 |    32 |    14 ||    95
  Block: Buckler           |    24 |    16 |    20 ||    60
